Stars vs Coyotes
(R2)
Created - June 4, 2020 at 19:02
Goals
|
| Stars |
1 |
0 |
2 |
3 |
| Coyotes |
0 |
1 |
1 |
2 |
|
Shots
|
| Stars |
8 |
5 |
21 |
34 |
| Coyotes |
9 |
9 |
8 |
26 |
|
1st period
1. Stars , Alexander Frolov 3 (Cory Emmerton 6, Boris Valabik 6) at 11:59
Penalties :
No Penalty
2nd period
2. Coyotes , Zach Parise 4 (Michael Del Zotto 7, Marian Gaborik 7) at 14:55
Penalties :
Lasse Kukkonen (Dal) for Tripping (Minor) at 1:50, Evgeny Artyukhin (Ari) for Holding (Minor) at 5:33, Boris Valabik (Dal) for Holding (Minor) at 7:33, Jonathan Ferland (Ari) for Tripping (Minor) at 19:54
3rd period
3. Stars , Jussi Jokinen 5 (Alex Chiasson 2, Antoine Vermette 4) at 1:14 (PP)
4. Stars , Guillaume Latendresse 8 (John Tavares 15) at 1:18
5. Coyotes , Marian Gaborik 12 (Tyler Ennis 9) at 6:18 (PP)
Penalties :
Cory Emmerton (Dal) for Roughing (Minor) at 6:04, Michael Del Zotto (Ari) for Hooking (Minor) at 9:41, Boris Valabik (Dal) for Interference (Minor) at 12:40, Evgeny Artyukhin (Ari) for Roughing (Minor) at 17:05
Goalie Stats
Cory Schneider (Dal), 24 saves from 26 shots - (0.923), W, 2-3-0, 60:00 minutes
Maxime Daigneault (Ari), 31 saves from 34 shots - (0.912), L, 9-3-1, 59:21 minutes
Players Stats for Stars
Player Name G A P +/- PIM S H SB GA TA FO MP PP MP PK MP
------------------------------------------------------------------------------------
Alex Chiasson 0 1 1 0 0 4 0 0 0 1 0/0 15:52 2:56 0:00
Alexander Frolov 1 0 1 1 0 3 2 0 0 0 0/0 12:06 0:00 1:15
Antoine Vermette 0 1 1 0 0 3 4 0 1 1 4/8 17:19 2:56 1:27
B.J. Crombeen 0 0 0 1 0 1 1 0 1 0 0/0 10:49 0:00 0:00
Boris Valabik 0 1 1 1 4 2 0 2 0 1 0/0 20:29 3:00 0:55
Brian Lee 0 0 0 1 0 2 5 1 1 0 0/0 27:31 4:17 3:32
Cam Atkinson 0 0 0 0 0 0 0 1 1 0 0/1 6:30 0:00 0:00
Cory Emmerton 0 1 1 1 2 1 0 1 0 0 3/7 12:05 0:00 1:15
Evgeny Grachev 0 0 0 0 0 2 0 0 0 0 1/2 6:30 0:00 0:00
Guillaume Latendresse 1 0 1 0 0 3 2 0 2 1 0/1 24:05 4:21 3:29
Ian White 0 0 0 1 0 2 2 2 0 0 0/0 27:31 4:17 3:32
John Tavares 0 1 1 0 0 5 0 1 0 0 22/44 24:05 4:21 3:29
Johnny Oduya 0 0 0 -1 0 0 2 0 0 1 0/0 10:17 0:00 0:00
Jussi Jokinen 1 0 1 0 0 2 0 0 1 0 1/1 17:19 2:56 1:27
Lasse Kukkonen 0 0 0 1 2 1 4 2 0 1 0/0 21:32 3:00 1:58
Michael Grabner 0 0 0 0 0 1 2 1 0 1 2/3 20:32 4:21 0:00
Niklas Hjalmarsson 0 0 0 -1 0 0 0 1 0 0 0/0 12:43 0:00 2:25
Ted Purcell 0 0 0 0 0 2 0 1 0 0 0/0 6:30 0:00 0:00
Players Stats for Coyotes
Player Name G A P +/- PIM S H SB GA TA FO MP PP MP PK MP
------------------------------------------------------------------------------------
Andrew MacDonald 0 0 0 1 0 1 1 1 0 0 0/0 21:57 2:31 3:14
Anton Stralman 0 0 0 -1 0 1 1 3 0 3 0/0 26:28 3:40 4:03
Brad Richards 0 0 0 0 0 0 3 0 0 0 18/35 20:58 2:42 3:46
Chris Stewart 0 0 0 0 0 0 2 0 0 1 0/0 16:20 2:29 0:00
Evgeny Artyukhin 0 0 0 -1 4 1 2 0 0 0 0/0 12:01 0:21 0:00
Jamie Arniel 0 0 0 -1 0 2 0 0 0 0 3/5 13:07 0:34 2:33
Jonathan Ferland 0 0 0 0 2 0 0 0 0 0 0/1 7:21 0:00 0:00
Kristopher Letang 0 0 0 -1 0 1 1 0 0 0 0/0 26:28 3:40 4:03
Marian Gaborik 1 1 2 0 0 5 1 0 0 1 3/4 17:55 3:29 0:00
Martin Samuelsson 0 0 0 -1 0 1 1 2 0 0 0/0 14:30 0:00 3:38
Matt Donovan 0 0 0 -1 0 1 0 0 2 0 0/0 11:35 0:00 0:00
Michael Del Zotto 0 1 1 1 2 1 0 1 1 0 0/0 21:12 2:31 2:29
Nazem Kadri 0 0 0 0 0 2 1 1 0 0 7/14 16:58 3:08 0:00
Nick Bonino 0 0 0 0 0 1 1 0 1 0 2/3 7:22 0:00 0:00
Ramzi Abid 0 0 0 0 0 2 1 0 0 1 0/0 7:22 0:00 0:00
Thomas Hickey 0 0 0 -1 0 0 2 0 0 0 0/0 12:20 0:00 0:45
Tyler Ennis 0 1 1 0 0 5 3 0 2 1 0/2 18:46 3:08 0:58
Zach Parise 1 0 1 0 0 2 0 0 1 0 1/3 19:59 2:42 3:39
3 Stars
1 - Alexander Frolov (Dal)
2 - Marian Gaborik (Ari)
3 - Guillaume Latendresse (Dal)
Power Play
Stars - 1 on 4 Attempt(s) - 25.00%
Coyotes - 1 on 4 Attempt(s) - 25.00%
Penalty Kill
Stars - 3 on 4 Attempt(s) - 75.00%
- Score 0 goal in Penalty Kill
Coyotes - 3 on 4 Attempt(s) - 75.00%
- Score 0 goal in Penalty Kill
Team Stat
Stars - Hits : 24 - Faceoff Wins : 33 - Blocked Shots : 13 - Penalty Minutes : 8
Coyotes - Hits : 20 - Faceoff Wins : 34 - Blocked Shots : 8 - Penalty Minutes : 8
Official
Referees : Unknown
Linesman : Unknown
Game Notes
Jamie Arniel is injured at 15:10 of 3rd period (Strained Left Knee)
Finance
Level 1 -- Attendance: 6000 (100.00%) -- Ticket Income $630,000
Level 2 -- Attendance: 5000 (100.00%) -- Ticket Income $325,000
Level 3 -- Attendance: 2000 (100.00%) -- Ticket Income $80,000
Level 4 -- Attendance: 4000 (100.00%) -- Ticket Income $120,000
Luxury Box -- Attendance: 1000 (100.00%) -- Ticket Income $180,000
Game was played at the The Pack Center.
Total Attendance: 18000 (100.00%)
Total Ticket Income: $1,335,000
Other Income: $200,250
Total Income: $1,535,250
Stars
5 vs 5 Forward
Center Left Wing Right Wing Time % Phy DF OF
1 John Tavares Guillaume Latendresse Michael Grabner 40 0 2 3
2 Antoine Vermette Jussi Jokinen Alex Chiasson 30 0 2 3
3 Cory Emmerton Alexander Frolov B.J. Crombeen 20 1 2 2
4 Evgeny Grachev Ted Purcell Cam Atkinson 10 1 2 2
5 vs 5 Defense
Defense Defense Time % Phy DF OF
1 Ian White Brian Lee 40 1 2 2
2 Boris Valabik Lasse Kukkonen 30 1 2 2
3 Johnny Oduya Niklas Hjalmarsson 20 1 2 2
4 Ian White Brian Lee 10 1 2 2
PowerPlay Forward
Center Left Wing Right Wing Time % Phy DF OF
1 John Tavares Guillaume Latendresse Michael Grabner 60 0 2 3
2 Antoine Vermette Jussi Jokinen Alex Chiasson 40 0 2 3
PowerPlay Defense
Defense Defense Time % Phy DF OF
1 Ian White Brian Lee 60 0 2 3
2 Boris Valabik Lasse Kukkonen 40 0 2 3
Penalty Kill 4 Players Forward
Center Wing Time % Phy DF OF
1 John Tavares Guillaume Latendresse 60 0 3 2
2 Jussi Jokinen Antoine Vermette 40 0 3 2
Penalty Kill 4 Players Defense
Defense Defense Time % Phy DF OF
1 Ian White Brian Lee 60 0 3 2
2 Boris Valabik Lasse Kukkonen 40 0 3 2
Penalty Kill - 3 Players Forward
Forward Time % Phy DF OF
1 John Tavares 60 0 3 2
2 Guillaume Latendresse 40 0 3 2
Penalty Kill - 3 Players Defense
Defense Defense Time % Phy DF OF
1 Ian White Brian Lee 60 0 3 2
2 Boris Valabik Lasse Kukkonen 40 0 3 2
4 vs 4 Forward
Center Wing Time % Phy DF OF
1 John Tavares Guillaume Latendresse 60 0 2 3
2 Jussi Jokinen Antoine Vermette 40 0 2 3
4 vs 4 Defense
Defense Defense Time % Phy DF OF
1 Ian White Brian Lee 60 1 2 2
2 Boris Valabik Lasse Kukkonen 40 1 2 2
Last Minutes Offensive
Center Left Wing Right Wing Defense Defense
John Tavares Guillaume Latendresse Michael Grabner Ian White Brian Lee
Last Minutes Defensive
Center Left Wing Right Wing Defense Defense
John Tavares Guillaume Latendresse Michael Grabner Ian White Brian Lee
Goaltenders
Starting : Cory Schneider
Backup : Brian Elliott
Extra Forwards
Normal : Alexander Frolov, Ted Purcell, Cory Emmerton - PP : Alexander Frolov, Ted Purcell - PK : Cory Emmerton
Extra Defensemen
Normal : Johnny Oduya, Niklas Hjalmarsson, Boris Valabik - PP : Johnny Oduya - PK : Niklas Hjalmarsson, Boris Valabik
Penalty Shots
John Tavares, Guillaume Latendresse, Jussi Jokinen, Antoine Vermette, Alexander Frolov
Scratches
Lee Stempniak (Healthy), Andrej Sustr (Healthy), Brian Flynn (Healthy)
Coyotes
5 vs 5 Forward
Center Left Wing Right Wing Time % Phy DF OF
1 Brad Richards Zach Parise Marian Gaborik 38 0 3 2
2 Nazem Kadri Tyler Ennis Chris Stewart 32 0 3 2
3 Jamie Arniel Martin Samuelsson Evgeny Artyukhin 20 0 3 2
4 Nick Bonino Ramzi Abid Jonathan Ferland 10 1 3 1
5 vs 5 Defense
Defense Defense Time % Phy DF OF
1 Kristopher Letang Anton Stralman 40 0 3 2
2 Andrew MacDonald Michael Del Zotto 35 1 2 2
3 Matt Donovan Thomas Hickey 25 0 3 2
4 Kristopher Letang Michael Del Zotto 0 1 2 2
PowerPlay Forward
Center Left Wing Right Wing Time % Phy DF OF
1 Nazem Kadri Tyler Ennis Marian Gaborik 60 0 1 4
2 Brad Richards Zach Parise Chris Stewart 40 0 1 4
PowerPlay Defense
Defense Defense Time % Phy DF OF
1 Kristopher Letang Anton Stralman 60 0 2 3
2 Andrew MacDonald Michael Del Zotto 40 0 2 3
Penalty Kill 4 Players Forward
Center Wing Time % Phy DF OF
1 Brad Richards Zach Parise 50 1 3 1
2 Jamie Arniel Martin Samuelsson 50 1 3 1
Penalty Kill 4 Players Defense
Defense Defense Time % Phy DF OF
1 Kristopher Letang Anton Stralman 60 1 4 0
2 Andrew MacDonald Michael Del Zotto 40 1 4 0
Penalty Kill - 3 Players Forward
Forward Time % Phy DF OF
1 Zach Parise 60 1 4 0
2 Martin Samuelsson 40 1 4 0
Penalty Kill - 3 Players Defense
Defense Defense Time % Phy DF OF
1 Kristopher Letang Anton Stralman 60 1 4 0
2 Andrew MacDonald Michael Del Zotto 40 1 4 0
4 vs 4 Forward
Center Wing Time % Phy DF OF
1 Brad Richards Zach Parise 60 1 2 2
2 Nazem Kadri Tyler Ennis 40 1 2 2
4 vs 4 Defense
Defense Defense Time % Phy DF OF
1 Kristopher Letang Anton Stralman 60 1 2 2
2 Andrew MacDonald Michael Del Zotto 40 1 2 2
Last Minutes Offensive
Center Left Wing Right Wing Defense Defense
Brad Richards Tyler Ennis Marian Gaborik Kristopher Letang Michael Del Zotto
Last Minutes Defensive
Center Left Wing Right Wing Defense Defense
Brad Richards Zach Parise Marian Gaborik Kristopher Letang Anton Stralman
Goaltenders
Starting : Maxime Daigneault
Backup : Thomas McCollum
Extra Forwards
Normal : Jamie Arniel, Martin Samuelsson, Evgeny Artyukhin - PP : Jamie Arniel, Evgeny Artyukhin - PK : Tyler Ennis
Extra Defensemen
Normal : Matt Donovan, Thomas Hickey, Michael Del Zotto - PP : Matt Donovan - PK : Thomas Hickey, Matt Donovan
Penalty Shots
Tyler Ennis, Marian Gaborik, Zach Parise, Nazem Kadri, Brad Richards
Scratches
Josh Gorges (Torn Left ACL Injury), Mike Weber (Healthy)
% Time on Ice - Stars
Lines # - Real PCT - Wanted PCT - Time Play
Normal Forward
1 - 34% - 40% - 15:26
2 - 28% - 30% - 12:56
3 - 24% - 20% - 10:49
4 - 14% - 10% - 6:30
Normal Defense
1 - 40% - 40% - 18:04
2 - 34% - 30% - 15:42
3 - 23% - 20% - 10:17
4 - 4% - 10% - 1:38
PP Forward
1 - 60% - 60% - 4:21
2 - 40% - 40% - 2:56
PP Defense
1 - 59% - 60% - 4:17
2 - 41% - 40% - 3:00
PK Forward
1 - 77% - 60% - 4:44
2 - 23% - 40% - 1:27
PK Defense
1 - 57% - 60% - 3:32
2 - 43% - 40% - 2:39
PK3 Forward
1 - 0% - 60%
2 - 0% - 40%
PK3 Defense
1 - 0% - 60%
2 - 0% - 40%
44 Forward
1 - 0% - 60%
2 - 0% - 40%
44 Defense
1 - 0% - 60%
2 - 0% - 40%
Last Minute Offensive - 0:00
Last Minute Defensive - 0:51
Total
Forward - 60:00
Defense - 60:00
|
% Time on Ice - Coyotes
Lines # - Real PCT - Wanted PCT - Time Play
Normal Forward
1 - 30% - 38% - 13:37
2 - 31% - 32% - 13:57
3 - 24% - 20% - 10:46
4 - 16% - 10% - 7:22
Normal Defense
1 - 41% - 40% - 18:45
2 - 34% - 35% - 15:22
3 - 25% - 25% - 11:35
4 - 0% - 0% - 0:00
PP Forward
1 - 56% - 60% - 3:29
2 - 44% - 40% - 2:42
PP Defense
1 - 59% - 60% - 3:40
2 - 41% - 40% - 2:31
PK Forward
1 - 50% - 50% - 3:39
2 - 50% - 50% - 3:38
PK Defense
1 - 56% - 60% - 4:03
2 - 44% - 40% - 3:14
PK3 Forward
1 - 0% - 60%
2 - 0% - 40%
PK3 Defense
1 - 0% - 60%
2 - 0% - 40%
44 Forward
1 - 0% - 60%
2 - 0% - 40%
44 Defense
1 - 0% - 60%
2 - 0% - 40%
Last Minute Offensive - 0:50
Last Minute Defensive - 0:00
Total
Forward - 60:00
Defense - 60:00
|
Play-by-Play
1st period
0:01 of 1st period - John Tavares wins face-off versus Marian Gaborik in neutral zone.
0:14 of 1st period - Slapshot by John Tavares.
0:14 of 1st period - Shot Misses the Net.
0:16 of 1st period - Slapshot by Brian Lee.
0:16 of 1st period - Stopped by Maxime Daigneault without a rebound.
0:17 of 1st period - Antoine Vermette wins face-off versus Nazem Kadri in Coyotes zone.
0:46 of 1st period - Wrist shot by Alexander Frolov.
0:46 of 1st period - Shot Misses the Net.
1:12 of 1st period - Snap shot by John Tavares.
1:12 of 1st period - Stopped by Maxime Daigneault with a rebound.
1:40 of 1st period - Wrist shot by Cam Atkinson.
1:40 of 1st period - Shot Misses the Net.
4:00 of 1st period - Slapshot by Matt Donovan.
4:00 of 1st period - Shot Misses the Net.
4:20 of 1st period - Snap shot by John Tavares.
4:20 of 1st period - Stopped by Maxime Daigneault with a rebound.
4:34 of 1st period - Kristopher Letang is hit by Lasse Kukkonen and loses puck.
4:40 of 1st period - Off-side.
4:41 of 1st period - John Tavares wins face-off versus Nazem Kadri in neutral zone.
5:54 of 1st period - Wrist shot by Ramzi Abid.
5:54 of 1st period - Shot Misses the Net.
6:13 of 1st period - Slapshot by Nazem Kadri.
6:13 of 1st period - Stopped by Cory Schneider with a rebound.
6:15 of 1st period - Wrist shot by Andrew MacDonald.
6:15 of 1st period - Shot Blocked by Boris Valabik.
6:17 of 1st period - Wrist shot by Chris Stewart.
6:17 of 1st period - Deflect By Nazem Kadri.
6:17 of 1st period - Shot Misses the Net.
6:17 of 1st period - Puck is out of play.
6:18 of 1st period - John Tavares wins face-off versus Brad Richards in Stars zone.
6:45 of 1st period - Anton Stralman is hit by Antoine Vermette and loses puck.
7:12 of 1st period - Slapshot by Ramzi Abid.
7:12 of 1st period - Shot Misses the Net.
7:18 of 1st period - Wrist shot by Ramzi Abid.
7:18 of 1st period - Stopped by Cory Schneider with a rebound.
8:33 of 1st period - Niklas Hjalmarsson is hit by Thomas Hickey and loses puck.
8:38 of 1st period - Slapshot by Michael Del Zotto.
8:38 of 1st period - Stopped by Cory Schneider with a rebound.
8:50 of 1st period - Michael Del Zotto is hit by Johnny Oduya.
9:00 of 1st period - Michael Del Zotto is hit by Brian Lee and loses puck.
9:30 of 1st period - Wrist shot by Evgeny Artyukhin.
9:30 of 1st period - Shot Misses the Net.
9:32 of 1st period - Snap shot by Martin Samuelsson.
9:32 of 1st period - Stopped by Cory Schneider without a rebound.
9:33 of 1st period - Brad Richards wins face-off versus John Tavares in Stars zone.
10:24 of 1st period - Brian Lee is hit by Kristopher Letang and loses puck.
11:59 of 1st period - Wrist shot by Alexander Frolov.
11:59 of 1st period - Goal by Alexander Frolov - Stars : 1 - Coyotes : 0.
12:00 of 1st period - Michael Grabner wins face-off versus Brad Richards in neutral zone.
12:11 of 1st period - Snap shot by Michael Grabner.
12:11 of 1st period - Shot Blocked by Anton Stralman.
12:32 of 1st period - Snap shot by Tyler Ennis.
12:32 of 1st period - Stopped by Cory Schneider without a rebound.
12:33 of 1st period - Antoine Vermette wins face-off versus Nazem Kadri in Stars zone.
12:45 of 1st period - Snap shot by Tyler Ennis.
12:45 of 1st period - Stopped by Cory Schneider with a rebound.
12:47 of 1st period - Wrist shot by Chris Stewart.
12:47 of 1st period - Shot Blocked by Lasse Kukkonen.
13:45 of 1st period - Alex Chiasson is hit by Chris Stewart and loses puck.
14:05 of 1st period - Wrist shot by Ramzi Abid.
14:05 of 1st period - Deflect By Evgeny Grachev.
14:05 of 1st period - Shot Blocked by Ted Purcell.
14:05 of 1st period - Puck is out of play.
14:06 of 1st period - Evgeny Grachev wins face-off versus Jonathan Ferland in Stars zone.
14:17 of 1st period - Snap shot by Ramzi Abid.
14:17 of 1st period - Shot Misses the Net.
14:40 of 1st period - Wrist shot by Ramzi Abid.
14:40 of 1st period - Stopped by Cory Schneider without a rebound.
14:41 of 1st period - Brad Richards wins face-off versus John Tavares in Stars zone.
14:46 of 1st period - Snap shot by Marian Gaborik.
14:46 of 1st period - Shot Blocked by Boris Valabik.
15:08 of 1st period - Antoine Vermette is hit by Tyler Ennis and loses puck.
15:50 of 1st period - Snap shot by Cam Atkinson.
15:50 of 1st period - Shot Misses the Net.
15:54 of 1st period - Slapshot by Evgeny Grachev.
15:54 of 1st period - Stopped by Maxime Daigneault with a rebound.
15:56 of 1st period - Slapshot by Ian White.
15:56 of 1st period - Shot Misses the Net.
15:58 of 1st period - Snap shot by Cam Atkinson.
15:58 of 1st period - Deflect By Ramzi Abid.
15:58 of 1st period - Shot Misses the Net.
15:58 of 1st period - Puck is out of play.
15:59 of 1st period - Zach Parise wins face-off versus John Tavares in Coyotes zone.
16:10 of 1st period - Slapshot by Marian Gaborik.
16:10 of 1st period - Stopped by Cory Schneider without a rebound.
16:11 of 1st period - John Tavares wins face-off versus Brad Richards in Stars zone.
16:18 of 1st period - Slapshot by John Tavares.
16:18 of 1st period - Shot Hit the Post.
16:22 of 1st period - Wrist shot by John Tavares.
16:22 of 1st period - Stopped by Maxime Daigneault without a rebound.
16:23 of 1st period - John Tavares wins face-off versus Brad Richards in Coyotes zone.
16:59 of 1st period - Wrist shot by Antoine Vermette.
16:59 of 1st period - Stopped by Maxime Daigneault with a rebound.
17:01 of 1st period - Backhand shot by Boris Valabik.
17:01 of 1st period - Shot Misses the Net.
17:11 of 1st period - Tyler Ennis is hit by Lasse Kukkonen and loses puck.
17:41 of 1st period - Backhand shot by Anton Stralman.
17:41 of 1st period - Stopped by Cory Schneider without a rebound.
17:42 of 1st period - Brad Richards wins face-off versus John Tavares in Stars zone.
17:47 of 1st period - Wrist shot by Marian Gaborik.
17:47 of 1st period - Shot Blocked by John Tavares.
17:58 of 1st period - Snap shot by Guillaume Latendresse.
17:58 of 1st period - Stopped by Maxime Daigneault with a rebound.
18:12 of 1st period - Off-side.
18:13 of 1st period - Nazem Kadri wins face-off versus Cory Emmerton in neutral zone.
18:18 of 1st period - Thomas Hickey is hit by B.J. Crombeen and loses puck.
18:39 of 1st period - Martin Samuelsson is hit by Michael Grabner and loses puck.
19:14 of 1st period - Backhand shot by Brad Richards.
19:14 of 1st period - Shot Misses the Net.
19:16 of 1st period - Snap shot by Zach Parise.
19:16 of 1st period - Deflect By Marian Gaborik.
19:16 of 1st period - Shot Misses the Net.
19:16 of 1st period - Puck is out of play.
19:17 of 1st period - Cory Emmerton wins face-off versus Nazem Kadri in Stars zone.
Goals for this period are 1 for Stars vs 0 for Coyotes.
Shots for this period are 8 for Stars vs 9 for Coyotes.
2nd period
0:01 of 2nd period - Brad Richards wins face-off versus John Tavares in neutral zone.
0:40 of 2nd period - Slapshot by Ian White.
0:40 of 2nd period - Shot Misses the Net.
0:54 of 2nd period - Slapshot by Ted Purcell.
0:54 of 2nd period - Shot Blocked by Michael Del Zotto.
1:31 of 2nd period - Icing by Michael Del Zotto.
1:32 of 2nd period - John Tavares wins face-off versus Nick Bonino in Coyotes zone.
1:50 of 2nd period - Minor Penalty to Lasse Kukkonen for Tripping.
1:51 of 2nd period - Nazem Kadri wins face-off versus John Tavares in Stars zone.
2:00 of 2nd period - Snap shot by Marian Gaborik.
2:00 of 2nd period - Stopped by Cory Schneider without a rebound.
2:01 of 2nd period - John Tavares wins face-off versus Nazem Kadri in Stars zone.
2:26 of 2nd period - Wrist shot by Tyler Ennis.
2:26 of 2nd period - Shot Blocked by Ian White.
2:28 of 2nd period - Wrist shot by Marian Gaborik.
2:28 of 2nd period - Deflect By Tyler Ennis.
2:28 of 2nd period - Stopped by Cory Schneider without a rebound.
2:29 of 2nd period - Brad Richards wins face-off versus John Tavares in Stars zone.
2:44 of 2nd period - Wrist shot by Brad Richards.
2:44 of 2nd period - Shot Misses the Net.
2:46 of 2nd period - Slapshot by Andrew MacDonald.
2:46 of 2nd period - Stopped by Cory Schneider with a rebound.
3:29 of 2nd period - Icing by Kristopher Letang.
3:30 of 2nd period - Marian Gaborik wins face-off versus Cory Emmerton in Coyotes zone.
3:41 of 2nd period - Brian Lee is hit by Brad Richards.
3:50 of 2nd period - Penalty to Lasse Kukkonen is over, Lasse Kukkonen is back on ice.
4:17 of 2nd period - Snap shot by Evgeny Grachev.
4:17 of 2nd period - Shot Misses the Net.
4:19 of 2nd period - Snap shot by Ted Purcell.
4:19 of 2nd period - Shot Misses the Net.
4:21 of 2nd period - Slapshot by Ted Purcell.
4:21 of 2nd period - Stopped by Maxime Daigneault without a rebound.
4:22 of 2nd period - Marian Gaborik wins face-off versus Evgeny Grachev in Coyotes zone.
4:33 of 2nd period - Snap shot by Zach Parise.
4:33 of 2nd period - Deflect By Brad Richards.
4:33 of 2nd period - Shot Blocked by Cam Atkinson.
4:33 of 2nd period - Puck is out of play.
4:34 of 2nd period - Brad Richards wins face-off versus John Tavares in Stars zone.
4:39 of 2nd period - Snap shot by Zach Parise.
4:39 of 2nd period - Stopped by Cory Schneider without a rebound.
4:40 of 2nd period - Marian Gaborik wins face-off versus John Tavares in Stars zone.
5:33 of 2nd period - Minor Penalty to Evgeny Artyukhin for Holding.
5:34 of 2nd period - Brad Richards wins face-off versus John Tavares in Coyotes zone.
5:44 of 2nd period - Slapshot by Brian Lee.
5:44 of 2nd period - Stopped by Maxime Daigneault with a rebound.
5:52 of 2nd period - Wrist shot by Jamie Arniel.
5:52 of 2nd period - Stopped by Cory Schneider without a rebound.
5:53 of 2nd period - Brad Richards wins face-off versus Antoine Vermette in Stars zone.
6:38 of 2nd period - Slapshot by Ian White.
6:38 of 2nd period - Deflect By Antoine Vermette.
6:38 of 2nd period - Shot Blocked by Andrew MacDonald.
6:38 of 2nd period - Puck is out of play.
6:39 of 2nd period - Jamie Arniel wins face-off versus Antoine Vermette in Coyotes zone.
7:08 of 2nd period - Snap shot by Martin Samuelsson.
7:08 of 2nd period - Shot Misses the Net.
7:33 of 2nd period - Penalty to Evgeny Artyukhin is over, Evgeny Artyukhin is back on ice.
7:33 of 2nd period - Minor Penalty to Boris Valabik for Holding.
7:34 of 2nd period - John Tavares wins face-off versus Nazem Kadri in Stars zone.
9:33 of 2nd period - Penalty to Boris Valabik is over, Boris Valabik is back on ice.
9:48 of 2nd period - Thomas Hickey is hit by Lasse Kukkonen and loses puck.
9:59 of 2nd period - Cory Emmerton is hit by Ramzi Abid and loses puck.
10:25 of 2nd period - Jamie Arniel is hit by Lasse Kukkonen and loses puck.
10:34 of 2nd period - Brian Lee is hit by Evgeny Artyukhin and loses puck.
10:45 of 2nd period - Chris Stewart is hit by Brian Lee and loses puck.
10:54 of 2nd period - Wrist shot by Evgeny Grachev.
10:54 of 2nd period - Stopped by Maxime Daigneault without a rebound.
10:55 of 2nd period - John Tavares wins face-off versus Brad Richards in Coyotes zone.
11:22 of 2nd period - Alex Chiasson is hit by Nick Bonino and loses puck.
11:49 of 2nd period - Boris Valabik is hit by Andrew MacDonald.
12:05 of 2nd period - Evgeny Grachev is hit by Martin Samuelsson and loses puck.
12:37 of 2nd period - Evgeny Artyukhin is hit by Johnny Oduya and loses puck.
12:56 of 2nd period - Matt Donovan is hit by Guillaume Latendresse and loses puck.
14:21 of 2nd period - Nazem Kadri is hit by Antoine Vermette and loses puck.
14:28 of 2nd period - Boris Valabik is hit by Thomas Hickey and loses puck.
14:47 of 2nd period - Snap shot by Nick Bonino.
14:47 of 2nd period - Stopped by Cory Schneider without a rebound.
14:48 of 2nd period - Brad Richards wins face-off versus John Tavares in Stars zone.
14:51 of 2nd period - Wrist shot by Marian Gaborik.
14:51 of 2nd period - Shot Misses the Net.
14:53 of 2nd period - Snap shot by Michael Del Zotto.
14:53 of 2nd period - Shot Misses the Net.
14:55 of 2nd period - Snap shot by Zach Parise.
14:55 of 2nd period - Goal by Zach Parise - Stars : 1 - Coyotes : 1.
14:56 of 2nd period - Brad Richards wins face-off versus John Tavares in neutral zone.
15:03 of 2nd period - Wrist shot by Marian Gaborik.
15:03 of 2nd period - Stopped by Cory Schneider with a rebound.
15:11 of 2nd period - Wrist shot by John Tavares.
15:11 of 2nd period - Shot Misses the Net.
15:13 of 2nd period - Slapshot by Brian Lee.
15:13 of 2nd period - Shot Misses the Net.
15:51 of 2nd period - Andrew MacDonald is hit by Alexander Frolov and loses puck.
16:13 of 2nd period - Boris Valabik is hit by Brad Richards and loses puck.
16:26 of 2nd period - Icing by John Tavares.
16:27 of 2nd period - Nick Bonino wins face-off versus Cam Atkinson in Stars zone.
16:58 of 2nd period - Matt Donovan is hit by Michael Grabner and loses puck.
17:05 of 2nd period - Wrist shot by Guillaume Latendresse.
17:05 of 2nd period - Shot Misses the Net.
17:07 of 2nd period - Snap shot by John Tavares.
17:07 of 2nd period - Stopped by Maxime Daigneault with a rebound.
17:46 of 2nd period - Snap shot by Chris Stewart.
17:46 of 2nd period - Shot Blocked by Ian White.
17:48 of 2nd period - Wrist shot by Martin Samuelsson.
17:48 of 2nd period - Shot Misses the Net.
17:50 of 2nd period - Wrist shot by Evgeny Artyukhin.
17:50 of 2nd period - Stopped by Cory Schneider without a rebound.
17:51 of 2nd period - Michael Grabner wins face-off versus Brad Richards in Stars zone.
18:20 of 2nd period - Snap shot by Antoine Vermette.
18:20 of 2nd period - Shot Misses the Net.
18:22 of 2nd period - Snap shot by Antoine Vermette.
18:22 of 2nd period - Shot Misses the Net.
18:24 of 2nd period - Snap shot by Boris Valabik.
18:24 of 2nd period - Shot Blocked by Nazem Kadri.
18:26 of 2nd period - Snap shot by Antoine Vermette.
18:26 of 2nd period - Stopped by Maxime Daigneault without a rebound.
18:27 of 2nd period - Nazem Kadri wins face-off versus John Tavares in Coyotes zone.
18:40 of 2nd period - Backhand shot by John Tavares.
18:40 of 2nd period - Deflect By Michael Grabner.
18:40 of 2nd period - Shot Misses the Net.
18:40 of 2nd period - Puck is out of play.
18:41 of 2nd period - Brad Richards wins face-off versus John Tavares in Coyotes zone.
19:06 of 2nd period - Jussi Jokinen is hit by Tyler Ennis and loses puck.
19:54 of 2nd period - Minor Penalty to Jonathan Ferland for Tripping.
19:55 of 2nd period - Brad Richards wins face-off versus John Tavares in Coyotes zone.
Goals for this period are 0 for Stars vs 1 for Coyotes.
Shots for this period are 5 for Stars vs 9 for Coyotes.
3rd period
0:01 of 3rd period - Brad Richards wins face-off versus John Tavares in neutral zone.
0:31 of 3rd period - Slapshot by Ian White.
0:31 of 3rd period - Stopped by Maxime Daigneault without a rebound.
0:32 of 3rd period - John Tavares wins face-off versus Jamie Arniel in Coyotes zone.
0:37 of 3rd period - Snap shot by John Tavares.
0:37 of 3rd period - Stopped by Maxime Daigneault without a rebound.
0:38 of 3rd period - John Tavares wins face-off versus Brad Richards in Coyotes zone.
0:50 of 3rd period - Slapshot by Boris Valabik.
0:50 of 3rd period - Stopped by Maxime Daigneault with a rebound.
1:14 of 3rd period - Snap shot by Jussi Jokinen.
1:14 of 3rd period - Goal by Jussi Jokinen - Stars : 2 - Coyotes : 1.
1:15 of 3rd period - John Tavares wins face-off versus Brad Richards in neutral zone.
1:18 of 3rd period - Snap shot by Guillaume Latendresse.
1:18 of 3rd period - Goal by Guillaume Latendresse - Stars : 3 - Coyotes : 1.
1:19 of 3rd period - John Tavares wins face-off versus Brad Richards in neutral zone.
1:46 of 3rd period - Jussi Jokinen is hit by Chris Stewart and loses puck.
1:53 of 3rd period - Snap shot by Nazem Kadri.
1:53 of 3rd period - Stopped by Cory Schneider with a rebound.
2:01 of 3rd period - Andrew MacDonald is hit by Ian White and loses puck.
2:49 of 3rd period - Guillaume Latendresse is hit by Marian Gaborik and loses puck.
4:06 of 3rd period - Off-side.
4:07 of 3rd period - Antoine Vermette wins face-off versus Zach Parise in neutral zone.
4:44 of 3rd period - Snap shot by Alex Chiasson.
4:44 of 3rd period - Shot Hit the Post.
4:46 of 3rd period - Slapshot by Boris Valabik.
4:46 of 3rd period - Shot Misses the Net.
4:48 of 3rd period - Slapshot by Lasse Kukkonen.
4:48 of 3rd period - Shot Misses the Net.
4:50 of 3rd period - Wrist shot by Alex Chiasson.
4:50 of 3rd period - Stopped by Maxime Daigneault with a rebound.
4:52 of 3rd period - Wrist shot by Boris Valabik.
4:52 of 3rd period - Stopped by Maxime Daigneault with a rebound.
5:00 of 3rd period - Snap shot by Alex Chiasson.
5:00 of 3rd period - Stopped by Maxime Daigneault with a rebound.
5:02 of 3rd period - Snap shot by Alex Chiasson.
5:02 of 3rd period - Stopped by Maxime Daigneault with a rebound.
5:04 of 3rd period - Slapshot by Lasse Kukkonen.
5:04 of 3rd period - Stopped by Maxime Daigneault with a rebound.
5:20 of 3rd period - Wrist shot by Antoine Vermette.
5:20 of 3rd period - Stopped by Maxime Daigneault without a rebound.
5:21 of 3rd period - Brad Richards wins face-off versus Michael Grabner in Coyotes zone.
5:21 of 3rd period - Brad Richards is hit by Guillaume Latendresse.
5:27 of 3rd period - Michael Grabner is hit by Brad Richards and loses puck.
5:48 of 3rd period - Tyler Ennis is hit by Brian Lee.
5:54 of 3rd period - Snap shot by Tyler Ennis.
5:54 of 3rd period - Shot Blocked by Cory Emmerton.
5:56 of 3rd period - Slapshot by Matt Donovan.
5:56 of 3rd period - Stopped by Cory Schneider with a rebound.
6:04 of 3rd period - Minor Penalty to Cory Emmerton for Roughing.
6:05 of 3rd period - Nazem Kadri wins face-off versus John Tavares in Stars zone.
6:06 of 3rd period - Snap shot by Tyler Ennis.
6:06 of 3rd period - Shot Hit the Post.
6:08 of 3rd period - Slapshot by Kristopher Letang.
6:08 of 3rd period - Stopped by Cory Schneider without a rebound.
6:09 of 3rd period - John Tavares wins face-off versus Nazem Kadri in Stars zone.
6:16 of 3rd period - Snap shot by Marian Gaborik.
6:16 of 3rd period - Shot Blocked by Lasse Kukkonen.
6:18 of 3rd period - Wrist shot by Marian Gaborik.
6:18 of 3rd period - Goal by Marian Gaborik - Stars : 3 - Coyotes : 2.
6:19 of 3rd period - John Tavares wins face-off versus Brad Richards in neutral zone.
6:22 of 3rd period - Kristopher Letang is hit by Brian Lee and loses puck.
6:33 of 3rd period - Wrist shot by Marian Gaborik.
6:33 of 3rd period - Deflect By Zach Parise.
6:33 of 3rd period - Shot Misses the Net.
6:33 of 3rd period - Puck is out of play.
6:34 of 3rd period - Nazem Kadri wins face-off versus John Tavares in Stars zone.
7:03 of 3rd period - Wrist shot by Cory Emmerton.
7:03 of 3rd period - Shot Misses the Net.
7:25 of 3rd period - Snap shot by Tyler Ennis.
7:25 of 3rd period - Stopped by Cory Schneider with a rebound.
7:52 of 3rd period - Icing by Tyler Ennis.
7:53 of 3rd period - Nazem Kadri wins face-off versus John Tavares in Coyotes zone.
8:07 of 3rd period - Snap shot by Tyler Ennis.
8:07 of 3rd period - Stopped by Cory Schneider without a rebound.
8:08 of 3rd period - Brad Richards wins face-off versus John Tavares in Stars zone.
8:09 of 3rd period - Backhand shot by Marian Gaborik.
8:09 of 3rd period - Shot Blocked by Michael Grabner.
8:33 of 3rd period - Jussi Jokinen is hit by Evgeny Artyukhin.
8:37 of 3rd period - Slapshot by Brian Lee.
8:37 of 3rd period - Deflect By Jussi Jokinen.
8:37 of 3rd period - Stopped by Maxime Daigneault with a rebound.
8:55 of 3rd period - Wrist shot by Cory Emmerton.
8:55 of 3rd period - Stopped by Maxime Daigneault without a rebound.
8:56 of 3rd period - Nick Bonino wins face-off versus Cory Emmerton in Coyotes zone.
9:16 of 3rd period - Snap shot by Cory Emmerton.
9:16 of 3rd period - Shot Hit the Post.
9:18 of 3rd period - Snap shot by Cory Emmerton.
9:18 of 3rd period - Shot Misses the Net.
9:20 of 3rd period - Snap shot by Alexander Frolov.
9:20 of 3rd period - Stopped by Maxime Daigneault without a rebound.
9:21 of 3rd period - John Tavares wins face-off versus Brad Richards in Coyotes zone.
9:36 of 3rd period - Snap shot by John Tavares.
9:36 of 3rd period - Shot Misses the Net.
9:38 of 3rd period - Wrist shot by Michael Grabner.
9:38 of 3rd period - Stopped by Maxime Daigneault without a rebound.
9:39 of 3rd period - Antoine Vermette wins face-off versus Tyler Ennis in Coyotes zone.
9:41 of 3rd period - Minor Penalty to Michael Del Zotto for Hooking.
9:42 of 3rd period - Jamie Arniel wins face-off versus John Tavares in Coyotes zone.
9:49 of 3rd period - Off-side.
9:50 of 3rd period - John Tavares wins face-off versus Brad Richards in neutral zone.
10:05 of 3rd period - Slapshot by Jamie Arniel.
10:05 of 3rd period - Stopped by Cory Schneider with a rebound.
10:19 of 3rd period - Snap shot by John Tavares.
10:19 of 3rd period - Shot Blocked by Martin Samuelsson.
10:21 of 3rd period - Wrist shot by Ian White.
10:21 of 3rd period - Stopped by Maxime Daigneault without a rebound.
10:22 of 3rd period - Brad Richards wins face-off versus Antoine Vermette in Coyotes zone.
10:37 of 3rd period - Snap shot by Alex Chiasson.
10:37 of 3rd period - Stopped by Maxime Daigneault with a rebound.
10:57 of 3rd period - Slapshot by Andrew MacDonald.
10:57 of 3rd period - Shot Misses the Net.
11:12 of 3rd period - Icing by Brian Lee.
11:13 of 3rd period - John Tavares wins face-off versus Brad Richards in Stars zone.
11:24 of 3rd period - Brad Richards is hit by Ian White and loses puck.
11:41 of 3rd period - Penalty to Michael Del Zotto is over, Michael Del Zotto is back on ice.
11:59 of 3rd period - Alexander Frolov is hit by Tyler Ennis.
12:12 of 3rd period - Boris Valabik is hit by Nazem Kadri and loses puck.
12:19 of 3rd period - Wrist shot by Tyler Ennis.
12:19 of 3rd period - Shot Misses the Net.
12:40 of 3rd period - Minor Penalty to Boris Valabik for Interference.
12:41 of 3rd period - John Tavares wins face-off versus Zach Parise in Stars zone.
13:54 of 3rd period - Icing by Michael Del Zotto.
13:55 of 3rd period - Jussi Jokinen wins face-off versus Jamie Arniel in Coyotes zone.
14:06 of 3rd period - Wrist shot by Chris Stewart.
14:06 of 3rd period - Shot Misses the Net.
14:08 of 3rd period - Wrist shot by Zach Parise.
14:08 of 3rd period - Shot Blocked by Niklas Hjalmarsson.
14:40 of 3rd period - Penalty to Boris Valabik is over, Boris Valabik is back on ice.
14:55 of 3rd period - Slapshot by Ted Purcell.
14:55 of 3rd period - Stopped by Maxime Daigneault without a rebound.
14:56 of 3rd period - Jamie Arniel wins face-off versus Antoine Vermette in Coyotes zone.
15:09 of 3rd period - Jamie Arniel is hit by Antoine Vermette and loses puck.
15:10 of 3rd period - Jamie Arniel from Coyotes is injured at 15:10 of 3rd period (Strained Left Knee).
15:11 of 3rd period - Brad Richards wins face-off versus John Tavares in Coyotes zone.
15:24 of 3rd period - Wrist shot by John Tavares.
15:24 of 3rd period - Deflect By Guillaume Latendresse.
15:24 of 3rd period - Shot Blocked by Anton Stralman.
15:24 of 3rd period - Puck is out of play.
15:25 of 3rd period - John Tavares wins face-off versus Brad Richards in Coyotes zone.
15:26 of 3rd period - Slapshot by Guillaume Latendresse.
15:26 of 3rd period - Shot Misses the Net.
15:32 of 3rd period - Brian Lee is hit by Anton Stralman and loses puck.
15:37 of 3rd period - Wrist shot by Marian Gaborik.
15:37 of 3rd period - Shot Misses the Net.
15:39 of 3rd period - Wrist shot by Marian Gaborik.
15:39 of 3rd period - Stopped by Cory Schneider with a rebound.
15:41 of 3rd period - Slapshot by Kristopher Letang.
15:41 of 3rd period - Shot Blocked by Brian Lee.
16:02 of 3rd period - Slapshot by Alexander Frolov.
16:02 of 3rd period - Shot Blocked by Anton Stralman.
16:25 of 3rd period - Icing by Kristopher Letang.
16:26 of 3rd period - Nazem Kadri wins face-off versus Cory Emmerton in Coyotes zone.
16:26 of 3rd period - Nazem Kadri is hit by Alexander Frolov.
16:40 of 3rd period - Wrist shot by Alexander Frolov.
16:40 of 3rd period - Stopped by Maxime Daigneault without a rebound.
16:41 of 3rd period - John Tavares wins face-off versus Brad Richards in Coyotes zone.
16:48 of 3rd period - Slapshot by Brian Lee.
16:48 of 3rd period - Shot Blocked by Martin Samuelsson.
16:50 of 3rd period - Wrist shot by John Tavares.
16:50 of 3rd period - Shot Misses the Net.
16:52 of 3rd period - Snap shot by Ian White.
16:52 of 3rd period - Deflect By John Tavares.
16:52 of 3rd period - Shot Misses the Net.
16:52 of 3rd period - Puck is out of play.
16:53 of 3rd period - Cory Emmerton wins face-off versus Brad Richards in Coyotes zone.
17:00 of 3rd period - Wrist shot by B.J. Crombeen.
17:00 of 3rd period - Stopped by Maxime Daigneault without a rebound.
17:01 of 3rd period - Cory Emmerton wins face-off versus Brad Richards in Coyotes zone.
17:05 of 3rd period - Minor Penalty to Evgeny Artyukhin for Roughing.
17:06 of 3rd period - John Tavares wins face-off versus Tyler Ennis in Coyotes zone.
17:30 of 3rd period - Anton Stralman is hit by Antoine Vermette and loses puck.
17:53 of 3rd period - Slapshot by Guillaume Latendresse.
17:53 of 3rd period - Stopped by Maxime Daigneault without a rebound.
17:54 of 3rd period - Brad Richards wins face-off versus Guillaume Latendresse in Coyotes zone.
18:21 of 3rd period - Andrew MacDonald is hit by Brian Lee.
19:05 of 3rd period - Penalty to Evgeny Artyukhin is over, Evgeny Artyukhin is back on ice.
19:21 of 3rd period - Coyotes, Maxime Daigneault is pulled from the net.
Goals for this period are 2 for Stars vs 1 for Coyotes.
Shots for this period are 21 for Stars vs 8 for Coyotes.
Back to the Top